 Dungeon Crawl Stone Soup version 0.20.1-1-g8b1a95d (webtiles) character file.

2611 Gaplan the Cleaver (level 9, -3/118 HPs)
             Began as a Minotaur Berserker on July 18, 2017.
             Was an Elder of Trog.
             Slain by an unseen horror (5 damage)
             ... on level 7 of the Dungeon.
             The game lasted 00:15:18 (6144 turns).

Gaplan the Cleaver (Minotaur Berserker)             Turns: 6144, Time: 00:15:19

Health: -3/118     AC: 14    Str: 28    XL:     9   Next: 34%
Magic:  8/8        EV: 14    Int:  4    God:    Trog [****..]
Gold:   361        SH:  0    Dex: 12    Spells: 8/8 levels left

rFire    . . .     SeeInvis .   a - +0 hand axe
rCold    . . .     Gourm    +   (no shield)
rNeg     . . .     Faith    .   j - +0 chain mail
rPois    +         Spirit   .   D - +1 hat
rElec    .         Reflect  .   y - +0 cloak
rCorr    .         Harm     .   v - +0 pair of gloves
MR       .....                  (no boots)
Stlth    ..........             g - amulet of the gourmand
Regen    0.3/turn               u - ring of poison resistance
MPRegen  0.2/turn               B - +3 ring of evasion

@: berserking, lethally poisoned (-3 -> -27), very quick
A: retaliatory headbutt, horns 2
a: Berserk, Trog's Hand, Brothers in Arms, Burn Spellbooks, Renounce Religion


You were on level 7 of the Dungeon.
You worshipped Trog.
Trog was greatly pleased with you.
You were very full.

You visited 1 branch of the dungeon, and saw 7 of its levels.

You collected 361 gold pieces.

Inventory:

Hand Weapons
 a - a +0 hand axe (weapon)
Armour
 j - a +0 chain mail (worn)
 v - a +0 pair of gloves (worn)
 y - a +0 cloak (worn)
 D - a +1 hat (worn)
Jewellery
 g - an amulet of the gourmand (around neck)
 r - a +5 amulet of reflection
 u - a ring of poison resistance (left hand)
 B - a +3 ring of evasion (right hand)
 L - an uncursed ring of poison resistance
Wands
 F - a wand of iceblast (10/15)
 K - a wand of enslavement (12/24)
 M - a wand of iceblast (10/15)
Scrolls
 d - 4 scrolls of recharging
 e - 2 scrolls of noise {unknown}
 f - 2 scrolls of amnesia {unknown}
 k - 4 scrolls of teleportation
 s - a scroll of fear {unknown}
 w - a scroll of remove curse
 z - 3 scrolls of enchant weapon {unknown}
 E - 4 scrolls of blinking {unknown}
 G - a scroll of random uselessness {unknown}
 N - 2 scrolls of fog {unknown}
Potions
 i - a potion of heal wounds {unknown}
 l - a potion of lignification {unknown}
 m - a potion of curing
 o - a potion of mutation {unknown}
 q - a potion of ambrosia
 t - 2 potions of degeneration {unknown}
 x - a potion of brilliance
 C - 2 potions of invisibility {unknown}
 H - a potion of might {unknown}
Books
 I - a book of Misfortune

   Spells                             Type                      Level
   a - Confusing Touch                Hexes                        1
   b - Confuse                        Hexes                        3
   c - Gell's Gravitas                Translocation                3
   d - Petrify                        Transmutation/Earth          4
   e - Metabolic Englaciation         Hexes/Ice                    5
   f - Yara's Violent Unravelling     Hexes/Transmutation          5
   Trog disapproves of the use of such an item.
Comestibles
 c - 5 bread rations
 n - 3 meat rations
 p - 2 royal jellies


   Skills:
 + Level 7.2 Fighting
 + Level 10.7 Axes
 + Level 8.5 Armour
 + Level 4.8 Dodging


You had 8 spell levels left.
You didn't know any spells.

Dungeon Overview and Level Annotations

Branches:
Dungeon (7/15)             Temple (0/1) D:6

Altars:
Ashenzari
Cheibriados
Elyvilon
Makhleb
Qazlal
Sif Muna
Uskayaw
Xom
Yredelemnul
Lugonu

Shops:
D:6 %


Innate Abilities, Weirdness & Mutations

You reflexively headbutt those who attack you in melee.
You have a pair of horns on your head.


Message History

Your Fighting skill increases to level 7!
You completely miss the small abomination.
You slash the red ugly thing! You hit the green ugly thing.
You closely miss something.
* * * LOW HITPOINT WARNING * * *
You feel sick. Something hits you but does no damage.
The red ugly thing barely misses you.
The green ugly thing tail-slaps you but does no damage.
The small abomination hits you!
* * * LOW HITPOINT WARNING * * *
You slash the small abomination!
You destroy the small abomination!
Trog accepts your kill.
You hit the purple ugly thing. You slash something!
You closely miss the green ugly thing.
Your chain mail prevents you from hitting the red ugly thing.
You slash the small abomination! You hit the red ugly thing.
* * * LOW HITPOINT WARNING * * *
You feel sick. Something hits you.
You die...

##.###.# #..# ### .......#
##.# #.# ##.##### ### #.#
#.# ## ## ##.## #.# ?.##
##.. ##...## ##.# #..##
#..# #...<.# ...#
#...###...# ##...## ####
### #..u.{..# ####.#####
##.#####xu@u.#####.........
#..©.###.xu:.###....#.#####
#..#####.$(|.#####.##)#
#.#####......x# ####)#
#######.###....###...# #.#
#.......##....## #..# #.#
#.#####.##....# ##. #.# #.#
#.###..## .# #.# #.### #.#
#### #.#


You could see 4 ugly things and 3 small abominations.

Vanquished Creatures
  An ugly thing (D:7)
  Menkaure (D:4)
  Edmund (D:6)
  A water moccasin (D:6)
  An orc warrior (D:6)
  A black bear (D:6)
  4 ogres
  A centaur (D:7)
  2 small abominations (D:7)
  A bullfrog (D:7)
  Blork the orc (D:5)
  A scorpion (D:7)
  A water moccasin skeleton (D:5)
  2 crimson imps
  2 orc priests
  2 hounds
  2 orc wizards
  A bullfrog skeleton (D:7)
  3 iguanas
  Ijyb (D:5)
  Natasha (thrice) (D:4)
  4 worker ants
  2 hound zombies
  2 worker ant zombies
  4 gnolls (D:4)
  13 adders
  2 shadow imps (D:6)
  An ooze (D:3)
  4 worms
  2 dart slugs (D:1)
  4 leopard geckos
  27 orcs
  A giant cockroach (D:2)
  10 goblins
  7 hobgoblins
  5 jackals
  6 kobolds
  2 quokkas
  8 bats
  3 frilled lizards
  A jackal zombie (D:5)
  A quokka zombie (D:5)
  14 rats
156 creatures vanquished.

Notes
Turn   | Place    | Note
-------+----------+-------------------------------------------
     0 | D:1      | Gaplan the Minotaur Berserker began the quest for the Orb.
     0 | D:1      | Reached XP level 1. HP: 19/19 MP: 0/0
   153 | D:1      | Reached XP level 2. HP: 27/27 MP: 1/1
   157 | D:1      | Reached skill level 4 in Axes
  1021 | D:2      | Reached XP level 3. HP: 33/33 MP: 2/2
  1050 | D:2      | Reached ** piety under Trog
  1365 | D:2      | Reached XP level 4. HP: 39/41 MP: 3/3
  1891 | D:3      | Reached XP level 5. HP: 32/47 MP: 4/4
  2211 | D:3      | Reached *** piety under Trog
  2258 | D:4      | Noticed Natasha
  2267 | D:4      | Reached skill level 5 in Axes
  2269 | D:4      | Killed Natasha
  2501 | D:4      | Noticed Natasha
  2505 | D:4      | Killed Natasha
  2557 | D:4      | Noticed an ogre
  2565 | D:4      | Killed an ogre
  2565 | D:4      | Reached XP level 6. HP: 55/55 MP: 5/5
  2786 | D:4      | Reached skill level 5 in Fighting
  2850 | D:4      | Noticed Natasha
  2854 | D:4      | Killed Natasha
  2854 | D:4      | Reached skill level 5 in Armour
  2963 | D:4      | Noticed Menkaure
  2968 | D:4      | Killed Menkaure
  2968 | D:4      | Reached skill level 6 in Axes
  2968 | D:4      | Reached XP level 7. HP: 61/61 MP: 6/6
  3044 | D:4      | Found a stormy altar of Qazlal.
  3050 | D:4      | Found a shattered altar of Ashenzari.
  3060 | D:4      | Found a hide-covered altar of Uskayaw.
  3223 | D:5      | Entered Level 5 of the Dungeon
  3225 | D:5      | Noticed Blork the orc
  3236 | D:5      | Killed Blork the orc
  3583 | D:5      | Found a snail-covered altar of Cheibriados.
  3721 | D:5      | Noticed Ijyb
  3730 | D:5      | Killed Ijyb
  3742 | D:5      | Reached **** piety under Trog
  3806 | D:5      | Reached skill level 7 in Axes
  3855 | D:5      | Found a white marble altar of Elyvilon.
  4191 | D:6      | Noticed Edmund
  4212 | D:6      | Killed Edmund
  4212 | D:6      | Reached XP level 8. HP: 58/70 MP: 7/7
  4239 | D:6      | Reached skill level 8 in Axes
  4491 | D:6      | Found a basalt altar of Yredelemnul.
  4500 | D:6      | Found Eghykler's Food Emporium.
  4749 | D:6      | Reached skill level 9 in Axes
  4795 | D:6      | Found a staircase to the Ecumenical Temple.
  5446 | D:7      | Found a transporter.
  5450 | D:7      | Found a corrupted altar of Lugonu.
  5706 | D:7      | Reached skill level 10 in Axes
  5709 | D:7      | Reached XP level 9. HP: 76/78 MP: 8/8
  5854 | D:7      | Reached ***** piety under Trog
  5913 | D:7      | Found a burning altar of Makhleb.
  5916 | D:7      | Found a shimmering altar of Xom.
  5919 | D:7      | Found a deep blue altar of Sif Muna.
  6131 | D:7      | Noticed a red ugly thing
  6131 | D:7      | Noticed a cyan ugly thing
  6132 | D:7      | Noticed a red ugly thing
  6133 | D:7      | Noticed a purple ugly thing
  6135 | D:7      | Noticed a green ugly thing
  6143 | D:7      | Killed a red ugly thing
  6143 | D:7      | HP: 4/118 [small abomination (7)]
  6144 | D:7      | Slain by an unseen horror

Skill      XL: |  1  2  3  4  5  6  7  8  9 |
---------------+----------------------------+-----
Axes           | 4 5 6 7 10 | 10.7
Fighting       | 4 5 6 7 |  7.2
Armour         | 3 4 5 6 7 8 |  8.5
Dodging        | 3 4 |  4.8

Action                   |  1- 3 |  4- 6 |  7- 9 || total
-------------------------+-------+-------+-------++-------
Melee: Hand axe          |    92 |   105 |   236 ||   433
       Headbutt          |     9 |    26 |    55 ||    90
Invok: Berserk           |       |     2 |     2 ||     4
       Brothers in Arms  |       |       |     1 ||     1
  Use: Scroll            |       |     5 |     4 ||     9
       Potion            |       |       |     4 ||     4
  Eat: Chunk             |    19 |     6 |    11 ||    36
Armor: Ring mail         |    30 |    26 |       ||    56
       Animal skin       |     1 |       |       ||     1
       Chain mail        |       |    10 |    80 ||    90
Dodge: Dodged            |    74 |    70 |   141 ||   285
